General information
- name: BNet
- type: Ladder team game (AT/RT)
- host: Battle.net
- saver: dogsandhorse.ru
map: UpperKingdom
- players: 6
- length: 55:42
- speed: Fast
- version: 1.26 W3XP
- replay type:

» download(469 KB)
Players
team 1 (loser)
b4jza (
purple | 186 APM | 8484 actions | 45:31)
5 Blademaster
2 Wind Walk
3 Critical Strike
5 Shadow Hunter
2 Hex
3 Healing Wave
» actions
| Assign group hotkey | 40 | |
| Basic commands | 9 | |
| Build / train | 129 | |
| Enter build submenu | 48 | |
| Enter hero's abilities submenu | 11 | |
| Give item / drop item | 4 | |
| Remove unit from queue | 10 | |
| Right click | 3020 | |
| Select / deselect | 798 | |
| Select group hotkey | 4230 | |
| Use ability | 185 | |
8484 total
» units
| Peon | 30 | |
| Grunt | 5 | |
| Spirit Walker | 7 | |
| Tauren | 6 | |
| Demolisher | 4 | |
| Troll Witch Doctor | 5 | |
| Troll Batrider | 4 | |
| Shaman | 3 | |
64 total
» upgrades
| Berserker Strength | 1 | |
| Spirit Walker Training | 2 | |
| Armor | 3 | |
| Pulverize | 1 | |
| Burning Oil | 1 | |
| Melee Weapons | 3 | |
| Witch Doctor Training | 2 | |
| Pillage | 1 | |
| Ranged Weapons | 2 | |
| Shaman Training | 2 | |
| Reinforced Defenses | 1 | |
19 total
» buildings
| Altar of Storms | 2 | |
| Orc Burrow | 13 | |
| Barracks | 1 | |
| Voodoo Lounge | 2 | |
| Stronghold | 1 | |
| Spirit Lodge | 2 | |
| Great Hall | 6 | |
| War Mill | 1 | |
| Fortress | 1 | |
| Tauren Totem | 2 | |
| Watch Tower | 10 | |
| Beastiary | 2 | |
43 total
» build order
00:03 Altar of Storms
00:05 Altar of Storms
00:18 Orc Burrow
00:34 Barracks
01:29 Orc Burrow
02:05 Voodoo Lounge
03:36 Stronghold
04:29 Orc Burrow
04:43 Voodoo Lounge
05:18 Orc Burrow
06:41 Spirit Lodge
07:58 Great Hall
08:08 War Mill
08:36 Fortress
10:20 Orc Burrow
10:23 Orc Burrow
11:12 Tauren Totem
11:14 Tauren Totem
14:30 Watch Tower
14:35 Watch Tower
14:37 Watch Tower
14:38 Watch Tower
14:58 Watch Tower
15:53 Watch Tower
15:55 Watch Tower
15:59 Watch Tower
17:21 Great Hall
17:31 Orc Burrow
17:33 Orc Burrow
20:15 Watch Tower
25:11 Beastiary
25:13 Beastiary
28:06 Watch Tower
29:01 Great Hall
29:03 Orc Burrow
29:05 Orc Burrow
31:25 Great Hall
31:28 Orc Burrow
33:37 Great Hall
34:01 Spirit Lodge
34:11 Orc Burrow
34:57 Orc Burrow
38:34 Great Hall
» items
| Healing Salve | 3 | |
| Lesser Clarity Potion | 5 | |
| Scroll of Speed | 2 | |
| Potion of Healing | 2 | |
| Orb of Lightning | 1 | |
| Tiny Great Hall | 1 | |
| Scroll of Town Portal | 1 | |
15 total

»
Flonid (
teal | 48 APM | 2648 actions | 55:42)
5 Keeper of the Grove
3 Entangling Roots
2 Thorns Aura
2 Death Knight
2 Death Pact
1 Shadow Hunter
1 Big Bad Voodoo
1 Lich
1 Frost Armor
» actions
| Assign group hotkey | 40 | |
| Basic commands | 26 | |
| Build / train | 81 | |
| ESC pressed | 8 | |
| Enter build submenu | 57 | |
| Enter hero's abilities submenu | 10 | |
| Give item / drop item | 2 | |
| Remove unit from queue | 2 | |
| Right click | 1167 | |
| Select / deselect | 669 | |
| Select group hotkey | 388 | |
| Use ability | 197 | |
2648 total
» units
| Wisp | 34 | |
| Chimaera | 9 | |
| Glaive Thrower | 6 | |
49 total
» upgrades
| Corrosive Breath | 1 | |
| Reinforced Hides | 3 | |
| Ultravision | 1 | |
| Well Spring | 1 | |
| Strength of the Wild | 1 | |
| Vorpal Blades | 1 | |
8 total
» buildings
| Altar of Elders | 3 | |
| Moon Well | 10 | |
| Tree of Ages | 2 | |
| Ancient of War | 7 | |
| Tree of Eternity | 1 | |
| Ancient of Wind | 1 | |
| Chimaera Roost | 3 | |
| Hunter's Hall | 2 | |
| Ancient Protector | 18 | |
| Tree of Life | 4 | |
| Ancient of Wonders | 1 | |
52 total
» build order
00:10 Altar of Elders
00:19 Moon Well
01:57 Tree of Ages
02:42 Ancient of War
03:20 Moon Well
04:19 Tree of Eternity
04:21 Ancient of Wind
06:45 Chimaera Roost
06:46 Chimaera Roost
06:46 Chimaera Roost
07:07 Moon Well
07:08 Moon Well
07:11 Moon Well
08:08 Moon Well
08:29 Moon Well
08:41 Hunter's Hall
15:15 Ancient Protector
15:16 Ancient Protector
15:17 Ancient Protector
15:17 Ancient Protector
15:18 Ancient Protector
15:58 Ancient Protector
16:01 Ancient Protector
16:29 Tree of Life
21:23 Ancient of War
21:24 Ancient of War
22:33 Ancient of Wonders
25:44 Ancient Protector
25:44 Ancient Protector
25:45 Ancient Protector
25:46 Ancient Protector
25:47 Ancient Protector
27:40 Ancient Protector
27:41 Ancient Protector
27:41 Ancient Protector
27:44 Tree of Life
28:10 Ancient Protector
28:11 Ancient Protector
28:56 Ancient Protector
29:47 Tree of Life
34:26 Moon Well
34:27 Moon Well
35:36 Moon Well
36:16 Ancient of War
36:19 Ancient of War
36:21 Ancient of War
36:23 Ancient of War
37:12 Hunter's Hall
38:50 Tree of Life
45:05 Altar of Elders
45:16 Altar of Elders
» items
| Scroll of Town Portal | 2 | |
| Potion of Healing | 4 | |
6 total

»
Hury (
orange | 109 APM | 4944 actions | 45:33)
8 Death Knight
3 Death Coil
3 Unholy Aura
1 Animate Dead
1 Death Pact
8 Lich
3 Frost Nova
3 Dark Ritual
1 Death and Decay
1 Frost Armor
» actions
| Assign group hotkey | 158 | |
| Basic commands | 61 | |
| Build / train | 159 | |
| ESC pressed | 4 | |
| Enter build submenu | 40 | |
| Enter hero's abilities submenu | 17 | |
| Give item / drop item | 6 | |
| Remove unit from queue | 5 | |
| Right click | 2359 | |
| Select / deselect | 647 | |
| Select group hotkey | 1296 | |
| Use ability | 190 | |
4944 total
» units
| Acolyte | 39 | |
| Ghoul | 9 | |
| Crypt Fiend | 23 | |
| Obsidian Statue | 4 | |
| Meatwagon | 11 | |
86 total
» upgrades
| Burrow | 1 | |
| Creature Attack | 2 | |
| Web | 1 | |
| Destroyer Form | 1 | |
| Creature Carapace | 1 | |
6 total
» buildings
| Crypt | 2 | |
| Graveyard | 1 | |
| Altar of Darkness | 1 | |
| Ziggurat | 18 | |
| Tomb of Relics | 1 | |
| Nerubian Tower | 1 | |
| Halls of the Dead | 1 | |
| Black Citadel | 1 | |
| Slaughterhouse | 2 | |
| Spirit Tower | 15 | |
| Sacrificial Pit | 1 | |
44 total
» build order
00:14 Crypt
00:20 Graveyard
00:46 Altar of Darkness
00:57 Ziggurat
01:45 Tomb of Relics
02:13 Ziggurat
03:13 Nerubian Tower
04:33 Ziggurat
04:59 Ziggurat
05:39 Halls of the Dead
06:32 Ziggurat
09:17 Black Citadel
10:56 Slaughterhouse
14:33 Spirit Tower
14:33 Spirit Tower
14:33 Spirit Tower
14:37 Ziggurat
14:39 Ziggurat
14:40 Ziggurat
16:24 Spirit Tower
16:25 Spirit Tower
16:25 Spirit Tower
16:56 Ziggurat
18:06 Sacrificial Pit
19:41 Slaughterhouse
20:46 Spirit Tower
23:58 Ziggurat
23:59 Ziggurat
24:00 Ziggurat
28:26 Ziggurat
28:27 Ziggurat
28:30 Ziggurat
28:31 Ziggurat
28:32 Ziggurat
28:33 Ziggurat
31:24 Spirit Tower
31:24 Spirit Tower
31:28 Spirit Tower
31:29 Spirit Tower
36:57 Crypt
» items
| Dust of Appearance | 5 | |
| Rod of Necromancy | 4 | |
| Scroll of Town Portal | 7 | |
| Orb of Corruption | 2 | |
| Potion of Healing | 3 | |
| Potion of Mana | 1 | |
22 total
team 2 (winner)
Birdeneering (
pink | 128 APM | 7106 actions | 55:42)
7 Blood Mage
3 Flame Strike
2 Banish
2 Summon Phoenix
5 Archmage
3 Blizzard
2 Brilliance Aura
4 Pit Lord
3 Rain of Fire
1 Cleaving Attack
» actions
| Assign group hotkey | 433 | |
| Basic commands | 16 | |
| Build / train | 234 | |
| Enter build submenu | 194 | |
| Enter hero's abilities submenu | 17 | |
| Give item / drop item | 1 | |
| Remove unit from queue | 3 | |
| Right click | 3678 | |
| Select / deselect | 753 | |
| Select group hotkey | 1327 | |
| Use ability | 449 | |
7106 total
» units
| Peasant | 23 | |
| Gryphon Rider | 18 | |
| Dragonhawk Rider | 3 | |
44 total
» upgrades
| Masonry | 3 | |
| Lumber Harvesting | 2 | |
| Magic Sentry | 1 | |
| Swords | 3 | |
| Armor | 3 | |
| Storm Hammers | 1 | |
| Animal War Training | 1 | |
14 total
» buildings
| Altar of Kings | 1 | |
| Farm | 13 | |
| Scout Tower | 185 | |
| Lumber Mill | 1 | |
| Arcane Tower | 9 | |
| Guard Tower | 121 | |
| Keep | 1 | |
| Castle | 1 | |
| Arcane Vault | 3 | |
| Arcane Sanctum | 1 | |
| Town Hall | 2 | |
| Gryphon Aviary | 4 | |
| Barracks | 1 | |
| Blacksmith | 1 | |
344 total
» build order
00:04 Altar of Kings
00:09 Farm
00:57 Farm
01:03 Scout Tower
01:20 Lumber Mill
01:26 Scout Tower
01:37 Scout Tower
01:38 Arcane Tower
01:48 Scout Tower
01:56 Scout Tower
02:06 Arcane Tower
02:10 Scout Tower
02:23 Scout Tower
02:23 Arcane Tower
02:28 Arcane Tower
02:28 Arcane Tower
02:28 Arcane Tower
02:33 Scout Tower
02:35 Guard Tower
02:36 Guard Tower
02:40 Guard Tower
02:43 Scout Tower
02:48 Guard Tower
02:48 Guard Tower
02:49 Guard Tower
03:32 Scout Tower
03:48 Guard Tower
03:52 Scout Tower
04:09 Arcane Tower
04:10 Scout Tower
04:11 Guard Tower
04:13 Scout Tower
04:29 Guard Tower
04:31 Scout Tower
04:34 Scout Tower
04:44 Farm
04:49 Scout Tower
04:51 Guard Tower
04:52 Scout Tower
05:07 Keep
05:12 Guard Tower
05:15 Scout Tower
05:24 Guard Tower
05:25 Scout Tower
05:27 Guard Tower
05:28 Scout Tower
05:58 Guard Tower
06:00 Scout Tower
06:11 Guard Tower
06:12 Guard Tower
06:14 Scout Tower
06:15 Scout Tower
06:21 Scout Tower
06:22 Scout Tower
06:23 Guard Tower
06:25 Scout Tower
06:42 Guard Tower
06:43 Scout Tower
07:25 Guard Tower
07:26 Scout Tower
07:28 Guard Tower
07:29 Scout Tower
07:29 Scout Tower
07:31 Scout Tower
07:33 Scout Tower
07:34 Guard Tower
07:36 Scout Tower
07:58 Guard Tower
07:59 Scout Tower
08:00 Scout Tower
08:08 Castle
08:14 Guard Tower
08:17 Scout Tower
08:19 Scout Tower
08:29 Guard Tower
08:31 Scout Tower
08:35 Scout Tower
08:49 Guard Tower
08:49 Guard Tower
08:49 Guard Tower
08:59 Guard Tower
08:59 Guard Tower
09:00 Guard Tower
09:36 Guard Tower
09:37 Scout Tower
09:39 Guard Tower
09:41 Arcane Vault
09:43 Guard Tower
09:45 Scout Tower
10:15 Guard Tower
10:17 Scout Tower
10:19 Guard Tower
10:20 Scout Tower
10:21 Scout Tower
10:23 Guard Tower
10:24 Scout Tower
10:36 Scout Tower
10:37 Scout Tower
10:56 Guard Tower
10:59 Scout Tower
10:59 Scout Tower
11:03 Scout Tower
11:26 Guard Tower
11:31 Scout Tower
11:35 Arcane Sanctum
11:41 Guard Tower
11:42 Scout Tower
11:45 Guard Tower
11:46 Scout Tower
11:48 Guard Tower
12:05 Guard Tower
12:07 Scout Tower
12:58 Scout Tower
12:59 Scout Tower
13:01 Guard Tower
13:05 Scout Tower
13:05 Scout Tower
13:07 Scout Tower
13:32 Scout Tower
13:35 Guard Tower
13:38 Scout Tower
13:44 Guard Tower
13:47 Scout Tower
13:51 Scout Tower
13:52 Scout Tower
14:02 Scout Tower
14:03 Guard Tower
14:09 Town Hall
14:12 Guard Tower
14:13 Scout Tower
14:29 Guard Tower
14:49 Guard Tower
14:50 Scout Tower
14:51 Scout Tower
14:52 Guard Tower
14:52 Scout Tower
15:02 Guard Tower
15:04 Scout Tower
15:05 Scout Tower
15:11 Guard Tower
15:12 Scout Tower
15:32 Guard Tower
15:36 Scout Tower
15:37 Scout Tower
15:37 Scout Tower
15:37 Scout Tower
15:50 Guard Tower
15:51 Scout Tower
15:52 Scout Tower
15:53 Scout Tower
15:53 Scout Tower
15:54 Scout Tower
15:59 Guard Tower
16:02 Arcane Vault
16:03 Arcane Vault
16:09 Guard Tower
16:16 Scout Tower
16:18 Guard Tower
16:19 Guard Tower
16:19 Guard Tower
16:23 Scout Tower
16:24 Scout Tower
16:24 Scout Tower
16:25 Scout Tower
16:30 Scout Tower
16:31 Scout Tower
16:31 Scout Tower
16:32 Scout Tower
16:49 Guard Tower
17:02 Guard Tower
17:17 Guard Tower
17:18 Guard Tower
17:45 Farm
17:46 Farm
17:47 Farm
17:55 Scout Tower
17:56 Scout Tower
17:57 Scout Tower
18:14 Scout Tower
18:15 Scout Tower
18:15 Scout Tower
18:16 Scout Tower
18:17 Scout Tower
18:18 Scout Tower
18:29 Guard Tower
18:33 Scout Tower
18:33 Scout Tower
18:34 Scout Tower
18:35 Scout Tower
19:01 Guard Tower
19:02 Scout Tower
19:24 Guard Tower
19:26 Scout Tower
19:27 Scout Tower
19:29 Guard Tower
19:36 Guard Tower
19:38 Scout Tower
19:39 Scout Tower
20:12 Scout Tower
20:14 Scout Tower
20:14 Scout Tower
20:34 Scout Tower
20:34 Scout Tower
20:36 Scout Tower
20:36 Scout Tower
20:46 Scout Tower
20:47 Scout Tower
20:47 Scout Tower
20:48 Scout Tower
20:49 Scout Tower
20:50 Scout Tower
20:59 Guard Tower
21:05 Guard Tower
21:22 Guard Tower
21:30 Scout Tower
21:32 Scout Tower
21:36 Guard Tower
21:36 Guard Tower
21:39 Scout Tower
21:40 Scout Tower
21:42 Guard Tower
21:42 Guard Tower
21:45 Scout Tower
21:56 Scout Tower
21:56 Scout Tower
21:58 Guard Tower
22:02 Scout Tower
22:03 Scout Tower
22:41 Guard Tower
22:45 Scout Tower
22:46 Scout Tower
22:48 Scout Tower
22:51 Guard Tower
22:53 Guard Tower
22:54 Guard Tower
22:54 Guard Tower
22:55 Scout Tower
22:56 Scout Tower
23:16 Scout Tower
23:18 Scout Tower
23:28 Guard Tower
23:47 Guard Tower
24:44 Guard Tower
24:45 Guard Tower
25:12 Guard Tower
25:45 Guard Tower
25:54 Scout Tower
26:14 Guard Tower
26:39 Guard Tower
26:43 Scout Tower
26:45 Scout Tower
26:47 Scout Tower
27:56 Scout Tower
27:57 Guard Tower
27:57 Guard Tower
28:47 Gryphon Aviary
28:48 Gryphon Aviary
28:51 Barracks
28:57 Gryphon Aviary
29:01 Gryphon Aviary
29:04 Blacksmith
29:05 Farm
29:06 Farm
29:06 Farm
29:17 Guard Tower
29:18 Scout Tower
30:25 Farm
30:40 Farm
30:56 Farm
31:02 Guard Tower
31:31 Farm
35:57 Scout Tower
35:58 Scout Tower
36:02 Scout Tower
36:04 Scout Tower
36:08 Scout Tower
36:09 Scout Tower
36:27 Guard Tower
36:32 Guard Tower
36:40 Scout Tower
36:41 Scout Tower
36:41 Scout Tower
36:42 Scout Tower
36:43 Scout Tower
36:43 Scout Tower
36:44 Scout Tower
37:53 Guard Tower
38:13 Scout Tower
38:37 Scout Tower
38:37 Scout Tower
38:40 Guard Tower
38:41 Guard Tower
38:42 Scout Tower
39:18 Scout Tower
39:31 Guard Tower
39:32 Scout Tower
39:33 Scout Tower
39:35 Guard Tower
41:09 Guard Tower
41:10 Scout Tower
41:13 Guard Tower
41:15 Guard Tower
41:18 Scout Tower
41:18 Guard Tower
41:22 Scout Tower
42:18 Guard Tower
42:20 Scout Tower
43:21 Guard Tower
43:24 Scout Tower
43:29 Scout Tower
43:41 Scout Tower
43:42 Scout Tower
44:06 Guard Tower
45:14 Guard Tower
45:15 Scout Tower
45:42 Scout Tower
45:43 Scout Tower
46:08 Guard Tower
46:09 Scout Tower
46:10 Scout Tower
47:41 Guard Tower
47:47 Scout Tower
47:47 Scout Tower
47:48 Scout Tower
47:48 Scout Tower
48:22 Town Hall
49:38 Guard Tower
49:53 Guard Tower
49:54 Scout Tower
49:55 Scout Tower
49:57 Scout Tower
52:01 Guard Tower
52:03 Scout Tower
52:04 Scout Tower
53:02 Guard Tower
» items
| Scroll of Regeneration | 3 | |
| Staff of Sanctuary | 4 | |
| Scroll of Town Portal | 5 | |
| Orb of Lightning | 2 | |
| Orb of Venom | 1 | |
| Healing Salve | 2 | |
| Lesser Clarity Potion | 2 | |
19 total
dogsandhorse.ru (
red | 111 APM | 6188 actions | 55:42)
6 Warden
3 Shadow Strike
3 Blink
» actions
| Assign group hotkey | 18 | |
| Basic commands | 12 | |
| Build / train | 130 | |
| Enter build submenu | 38 | |
| Enter hero's abilities submenu | 6 | |
| Give item / drop item | 2 | |
| Remove unit from queue | 10 | |
| Right click | 4376 | |
| Select / deselect | 522 | |
| Select group hotkey | 719 | |
| Use ability | 353 | |
6188 total
» units
| Wisp | 54 | |
| Hippogryph | 10 | |
| Chimaera | 11 | |
75 total
» upgrades
| Ultravision | 1 | |
| Strength of the Wild | 3 | |
| Nature's Blessing | 1 | |
| Well Spring | 1 | |
| Corrosive Breath | 1 | |
| Reinforced Hides | 3 | |
10 total
» buildings
| Altar of Elders | 1 | |
| Moon Well | 13 | |
| Tree of Ages | 1 | |
| Hunter's Hall | 1 | |
| Tree of Life | 7 | |
| Ancient of Wind | 2 | |
| Tree of Eternity | 1 | |
| Ancient of Wonders | 1 | |
| Chimaera Roost | 2 | |
29 total
» build order
00:09 Altar of Elders
00:20 Moon Well
01:56 Moon Well
06:13 Tree of Ages
06:51 Hunter's Hall
07:50 Moon Well
07:52 Moon Well
08:16 Tree of Life
08:49 Ancient of Wind
10:48 Moon Well
10:58 Tree of Eternity
11:32 Tree of Life
15:15 Ancient of Wonders
15:25 Chimaera Roost
16:47 Moon Well
16:53 Moon Well
16:54 Moon Well
17:01 Moon Well
17:26 Ancient of Wind
19:14 Moon Well
19:20 Tree of Life
19:27 Moon Well
20:13 Moon Well
25:10 Tree of Life
25:20 Moon Well
29:54 Chimaera Roost
34:27 Tree of Life
36:36 Tree of Life
50:55 Tree of Life
» items
| Healing Salve | 5 | |
| Lesser Clarity Potion | 6 | |
| Orb of Venom | 1 | |
| Scroll of Town Portal | 3 | |
| Staff of Preservation | 1 | |
| Dust of Appearance | 1 | |
| Staff of Sanctuary | 1 | |
| Scroll of Regeneration | 1 | |
19 total
NUTSONYOCHIN.de (
yellow | 114 APM | 6375 actions | 55:42)
9 Blademaster
3 Wind Walk
3 Critical Strike
1 Bladestorm
2 Mirror Image
1 Shadow Hunter
1 Hex
» actions
| Assign group hotkey | 56 | |
| Basic commands | 51 | |
| Build / train | 117 | |
| ESC pressed | 9 | |
| Enter build submenu | 167 | |
| Enter hero's abilities submenu | 10 | |
| Give item / drop item | 6 | |
| Remove unit from queue | 1 | |
| Right click | 3449 | |
| Select / deselect | 532 | |
| Select group hotkey | 1597 | |
| Use ability | 378 | |
6375 total
» units
| Peon | 16 | |
| Troll Batrider | 32 | |
| Wind Rider | 14 | |
62 total
» upgrades
| Spiked Barricades | 1 | |
| Ranged Weapons | 3 | |
| Liquid Fire | 1 | |
| Armor | 3 | |
| Reinforced Defenses | 1 | |
| Envenomed Spears | 1 | |
10 total
» buildings
| Altar of Storms | 2 | |
| War Mill | 3 | |
| Orc Burrow | 7 | |
| Watch Tower | 137 | |
| Voodoo Lounge | 3 | |
| Stronghold | 1 | |
| Fortress | 1 | |
| Beastiary | 2 | |
| Great Hall | 2 | |
158 total
» build order
00:05 Altar of Storms
00:14 War Mill
00:19 War Mill
00:39 Orc Burrow
01:43 Watch Tower
01:51 Watch Tower
02:24 Watch Tower
02:47 Watch Tower
03:10 Watch Tower
03:22 Voodoo Lounge
03:49 Orc Burrow
03:53 Watch Tower
04:16 Watch Tower
04:51 War Mill
05:09 Watch Tower
05:23 Watch Tower
06:00 Stronghold
06:19 Watch Tower
06:25 Orc Burrow
06:29 Watch Tower
06:31 Watch Tower
06:37 Watch Tower
07:40 Watch Tower
07:44 Watch Tower
07:57 Watch Tower
08:25 Fortress
08:28 Beastiary
08:29 Beastiary
08:46 Watch Tower
09:06 Watch Tower
10:09 Watch Tower
10:15 Watch Tower
10:35 Watch Tower
10:35 Watch Tower
10:35 Watch Tower
11:26 Watch Tower
11:27 Watch Tower
12:12 Watch Tower
12:52 Watch Tower
12:52 Watch Tower
13:22 Watch Tower
14:00 Watch Tower
14:00 Watch Tower
14:31 Watch Tower
15:08 Great Hall
15:10 Watch Tower
15:11 Watch Tower
15:32 Watch Tower
15:37 Watch Tower
15:42 Watch Tower
15:42 Watch Tower
16:54 Watch Tower
16:57 Watch Tower
16:58 Watch Tower
16:59 Watch Tower
17:14 Watch Tower
18:09 Watch Tower
18:36 Watch Tower
18:39 Watch Tower
19:12 Watch Tower
19:13 Watch Tower
19:22 Watch Tower
19:49 Watch Tower
19:51 Watch Tower
20:39 Watch Tower
20:39 Watch Tower
20:42 Watch Tower
20:43 Watch Tower
21:05 Watch Tower
21:25 Watch Tower
21:38 Watch Tower
22:15 Watch Tower
23:59 Watch Tower
24:02 Watch Tower
25:03 Watch Tower
25:05 Watch Tower
25:06 Watch Tower
25:07 Watch Tower
25:10 Watch Tower
26:45 Watch Tower
26:46 Watch Tower
27:19 Watch Tower
27:57 Watch Tower
27:57 Watch Tower
28:20 Watch Tower
29:10 Watch Tower
29:11 Watch Tower
29:24 Watch Tower
29:24 Watch Tower
29:33 Watch Tower
30:15 Watch Tower
30:16 Watch Tower
30:36 Watch Tower
30:38 Watch Tower
31:29 Watch Tower
31:33 Watch Tower
31:34 Watch Tower
31:51 Watch Tower
31:52 Watch Tower
32:57 Watch Tower
33:19 Watch Tower
33:27 Watch Tower
34:09 Voodoo Lounge
34:11 Voodoo Lounge
34:24 Watch Tower
34:25 Watch Tower
34:25 Watch Tower
34:43 Watch Tower
34:43 Watch Tower
34:45 Watch Tower
34:45 Watch Tower
34:46 Watch Tower
34:47 Watch Tower
35:41 Watch Tower
35:42 Watch Tower
35:42 Watch Tower
35:51 Watch Tower
35:52 Watch Tower
35:52 Watch Tower
36:12 Watch Tower
36:30 Watch Tower
36:46 Watch Tower
36:47 Watch Tower
37:54 Watch Tower
38:45 Watch Tower
38:49 Watch Tower
38:52 Altar of Storms
39:59 Watch Tower
40:13 Watch Tower
40:37 Watch Tower
41:17 Orc Burrow
43:38 Watch Tower
43:39 Watch Tower
43:40 Watch Tower
43:41 Watch Tower
43:42 Watch Tower
45:29 Great Hall
47:32 Watch Tower
47:33 Watch Tower
47:33 Watch Tower
47:35 Watch Tower
47:50 Watch Tower
47:51 Watch Tower
48:20 Orc Burrow
48:21 Orc Burrow
48:22 Orc Burrow
48:56 Watch Tower
48:56 Watch Tower
48:57 Watch Tower
49:03 Watch Tower
49:03 Watch Tower
50:01 Watch Tower
50:01 Watch Tower
50:06 Watch Tower
50:06 Watch Tower
51:22 Watch Tower
» items
| Healing Salve | 6 | |
| Lesser Clarity Potion | 12 | |
| Orb of Lightning | 2 | |
| Scroll of Town Portal | 4 | |
24 total
Chat log
(00:11 / All) b4jza: gl hf
(00:31 / All) dogsandhorse.ru: GOOD LUCK
(00:35 / All) dogsandhorse.ru: ))
(26:43 / All) Flonid: what a nice mh
(26:49 / All) dogsandhorse.ru: lol!
(41:15 / All) dogsandhorse.ru: lol
(44:56 / All) dogsandhorse.ru: lol
(45:11 / All) b4jza: nooobs
(45:13 / All) dogsandhorse.ru: lol
(45:14 / All) b4jza: play like noobs
(45:16 / All) dogsandhorse.ru: heheheha
(45:19 / All) Birdeneering: u lose like noobs
(45:19 / All) b4jza: more games pls
(45:21 / All) Hury: noobs.. ... . ..
(45:23 / All) Birdeneering: smell like noobs
(45:25 / All) b4jza: lol
(45:30 / All) b4jza: u win like noobs
(45:32 / All) dogsandhorse.ru: L:OL
(45:33 / All) dogsandhorse.ru: LOL
(45:34 / All) dogsandhorse.ru: LOL
(45:35 / All) dogsandhorse.ru: LOL
(45:35 / All) dogsandhorse.ru: LOL
(45:36 / All) dogsandhorse.ru: LOL
(45:36 / All) NUTSONYOCHIN.de: GG
(45:36 / All) NUTSONYOCHIN.de: GG
(45:37 / All) NUTSONYOCHIN.de: GG
(45:37 / All) dogsandhorse.ru: FUCKING LOL
(45:37 / All) NUTSONYOCHIN.de: GG
(45:38 / All) NUTSONYOCHIN.de: GG
(45:38 / All) NUTSONYOCHIN.de: GG
(45:39 / All) NUTSONYOCHIN.de: GG
(45:39 / All) NUTSONYOCHIN.de: G
(45:41 / All) dogsandhorse.ru: BYE
(45:45 / All) dogsandhorse.ru: KISS ALL 6 TOWER FEET
(45:47 / All) Birdeneering: suckloose
(45:51 / All) dogsandhorse.ru: fucking
(45:52 / All) dogsandhorse.ru: lol
(46:04 / All) dogsandhorse.ru: are you afk
(46:05 / All) dogsandhorse.ru: or feeling shame
(46:32 / All) dogsandhorse.ru: lol
(46:34 / All) dogsandhorse.ru: angery
(46:44 / All) dogsandhorse.ru: Q: who is the noob, the winner or the loser
(47:01 / All) dogsandhorse.ru: A: teal
(49:37 / All) dogsandhorse.ru: lol
(49:43 / All) dogsandhorse.ru: you dare to try and play
(49:48 / All) dogsandhorse.ru: 3 teams
(49:51 / All) dogsandhorse.ru: when you couldn't win
(49:52 / All) dogsandhorse.ru: with 1
(50:29 / All) dogsandhorse.ru: hehe
(52:15 / All) dogsandhorse.ru: ready to Lose
(55:19 / All) dogsandhorse.ru: OK
(55:30 / All) dogsandhorse.ru: bye
(55:33 / All) dogsandhorse.ru: clan towa #1
(55:42 / All) NUTSONYOCHIN.de: GG